 Dungeon Crawl Stone Soup version 0.30-b1-2-g02819fbbbe (webtiles) character file.

Game seed: 11068635575618301912

448 Angani the Charlatan (level 6, -5/33 HPs)
             Began as a Deep Elf Artificer on May 11, 2023.
             Was a Believer of Fedhas.
             Killed themself with a badly aimed iceblast (22 damage)
             ... on level 5 of the Dungeon.
             The game lasted 00:08:14 (4167 turns).

Angani the Charlatan (Deep Elf Artificer)           Turns: 4167, Time: 00:08:15

Health: -5/33      AC:  8    Str:  9    XL:     6   Next: 73%
Magic:  12/14      EV: 12    Int: 18    God:    Fedhas [**....]
Gold:   245        SH:  0    Dex: 15    Spells: 5/13 levels left

rFire   . . .        c - +2 short sword (elec)
rCold   . . .        (no shield)
rNeg    . . .        b - +0 leather armour
rPois   +            (no helmet)
rElec   .            q - scarf {harm}
rCorr   .            h - +0 pair of gloves
SInv    .            (no boots)
Will    .....        (no amulet)
Stlth   ++           r - +4 ring of protection
HPRegen 0.25/turn    D - ring of poison resistance
MPRegen 0.14/turn

%: harm (+30% outgoing, +20% incoming)
@: immotile
A: no striking features
a: Renounce Religion, Wall of Briars


You were on level 5 of the Dungeon.
You worshipped Fedhas.
Fedhas was pleased with you.
You visited 1 branch of the dungeon, and saw 5 of its levels.

You collected 335 gold pieces.
You spent 90 gold pieces at shops.

Inventory:

Hand Weapons
 c - a +2 short sword of electrocution (weapon)
Missiles
 n - a throwing net
 v - 6 curare-tipped darts
Armour
 b - a +0 leather armour (worn)
 h - a +0 pair of gloves (worn)
 j - a scarf of repulsion
 q - a scarf of harm (worn)
Jewellery
 r - a +4 ring of protection (left hand)
 D - a ring of poison resistance (right hand)
 E - a ring of protection from fire
Wands
 d - a wand of charming (14)
 e - a wand of iceblast (2)
Scrolls
 a - a scroll of immolation
 g - a scroll of poison {unknown}
 i - 2 scrolls of teleportation
 k - 3 scrolls of amnesia
 l - a scroll of enchant weapon {unknown}
 m - 3 scrolls of blinking {unknown}
 p - 2 scrolls of fog {unknown}
 t - a scroll of butterflies {unknown}
 u - a scroll of enchant armour {unknown}
 w - a scroll of torment {unknown}
 x - a scroll of magic mapping {unknown}
 y - a scroll of identify
 G - a scroll of fear {unknown}
Potions
 f - 4 potions of lignification
 o - a potion of haste {unknown}
 s - a potion of might
 z - 2 potions of brilliance {unknown}
 A - 2 potions of curing
 B - a potion of heal wounds {unknown}
 C - a potion of resistance {unknown}
 F - a potion of invisibility {unknown}


   Skills:
 - Level 0.7 Fighting
 - Level 0.7 Armour
 - Level 2.4 Dodging
 - Level 1.2 Stealth
 + Level 4.2 Spellcasting
 + Level 3.2 Conjurations
 + Level 3.2 Translocations
 + Level 2.2 Fire Magic
 - Level 5.0 Evocations


You had 5 spell levels left.
You knew the following spells:

 Your Spells              Type           Power      Damage    Failure   Level
a - Momentum Strike       Conj/Tloc      30%        3d8       8%          2
b - Blink                 Tloc           30%        N/A       8%          2
c - Sticky Flame          Conj/Fire      13%        2d4       54%         4

Your spell library contained the following spells:

 Spells                   Type           Power      Damage    Failure   Level
 Lesser Beckoning         Tloc           30%        N/A       8%          2
 Ensorcelled Hibernation  Hex/Ice        6%         N/A       30%         2
 Passwall                 Tmut/Erth      2%         N/A       30%         2
 Inner Flame              Hex/Fire       7%         N/A       36%         3
 Manifold Assault         Tloc           15%        N/A       45%         4
 Swiftness                Air            3%         N/A       52%         3
 Flame Wave               Conj/Fire      13%        2d6       54%         4
 Yara's Violent Unravell  Hex/Tmut       1%         3d3       99%         5
 Enfeeble                 Hex            1%         N/A       100%        7
 Storm Form               Tmut/Air       1%         N/A       100%        7


Dungeon Overview and Level Annotations

Branches:
Dungeon (5/15)             Temple (0/1) D:4

Altars:
Ashenzari
Cheibriados
Fedhas
Gozag
Qazlal
Uskayaw
Zin

Shops:
D:1 :


Message History

The orc wizard is severely wounded.
The orc wizard casts a spell.
The orc wizard flickers and vanishes!
Deactivating autopickup; reactivate with Ctrl-A.
The orc closely misses you.
Unknown command.
Unknown command.
You cannot move.
Unknown command.
You cannot move.
Unknown command.
You cannot move.
Unknown command.
You cannot move.
Unknown command.
Okay, then.
Unknown command.
An orc is nearby!
An orc is nearby!
An orc is nearby!
You cannot move.
You cannot move.
You cannot move.
Casting: Momentum Strike (safe; 8% risk of failure)
Confirm with . or Enter, or press ? or * to list all spells.
Okay, then.
Unknown command.
Aiming: Iceblast
Press: ? - help, Shift-Dir - straight line
Okay, then.
Unknown command.
Aiming: Iceblast
Press: ? - help, Shift-Dir - straight line The mass of ice explodes!
The iceblast engulfs something!
Fedhas appreciates your contribution to the ecosystem.
Reactivating autopickup.
You feel a bit more experienced. The iceblast engulfs you!!
Ouch! That really hurt!
You die...
Fedhas appreciates your contribution to the ecosystem.

....8.8.........'.........
................#.....†...
................#.........
................########+##
......###+#.....<.........>
......#...#................
......'...#................
......#...#................
......###'#.....@o...).....
####+##..[#####..)....##
..............#.......+
..............#.......#
..............#.......#
#...###..######.......#
#...###+##......#######
.........#......#
.........#......#


You could see an orc.

Vanquished Creatures
  2 ogres (D:4)
  A hound (D:5)
  An iguana (D:2)
  An orc wizard (D:5)
  4 gnolls
  7 adders
  A white imp (D:5)
  2 worms
  3 dart slugs
  6 orcs
  2 ball pythons
  4 bats
  10 endoplasms
  2 giant cockroaches
  7 goblins
  11 hobgoblins
  4 jackals
  3 quokkas
  7 kobolds
  8 rats
86 creatures vanquished.

Vanquished Creatures (collateral kills)
  2 gnolls (D:4)
2 creatures vanquished.

Vanquished Creatures (others)
  A gnoll (D:4)
1 creature vanquished.

Grand Total: 89 creatures vanquished

Notes
Turn   | Place    | Note
-------+----------+-------------------------------------------
     0 | D:1      | Angani the Deep Elf Artificer began the quest for the Orb.
     0 | D:1      | Reached XP level 1. HP: 11/11 MP: 3/3
   124 | D:1      | Found Udurapnoa's Book Shoppe.
   250 | D:1      | Reached XP level 2. HP: 13/16 MP: 4/4
   307 | D:1      | Reached skill level 4 in Evocations
   583 | D:1      | Reached skill level 1 in Spellcasting
  1155 | D:1      | Learned a level 2 spell: Momentum Strike
  1235 | D:2      | Reached XP level 3. HP: 20/20 MP: 7/7
  1297 | D:2      | Reached skill level 1 in Conjurations
  1297 | D:2      | Reached skill level 1 in Translocations
  1332 | D:2      | Reached XP level 4. HP: 15/24 MP: 9/9
  1738 | D:2      | Found a faded altar of an unknown god.
  1746 | D:2      | Prayed at the altar of an unknown god.
  1746 | D:2      | Became a worshipper of Fedhas Madash
  1746 | D:2      | Reached * piety under Fedhas
  2112 | D:3      | Learned a level 2 spell: Blink
  2117 | D:3      | Learned a level 4 spell: Sticky Flame
  2470 | D:3      | Reached XP level 5. HP: 28/28 MP: 8/11
  2592 | D:3      | Reached ** piety under Fedhas
  3063 | D:4      | Found a staircase to the Ecumenical Temple.
  3075 | D:4      | Found Zin's Purification Station.
  3103 | D:4      | Found a glowing silver altar of Zin.
  3129 | D:4      | Bought a potion of curing for 90 gold pieces
  3155 | D:4      | Reached skill level 5 in Evocations
  3181 | D:4      | Noticed an ogre
  3185 | D:4      | Killed an ogre
  3186 | D:4      | Reached skill level 1 in Fire Magic
  3186 | D:4      | Reached XP level 6. HP: 33/33 MP: 9/13
  3348 | D:4      | Found an opulent altar of Gozag.
  3721 | D:4      | Found a large runed translucent door.
  3722 | D:4      | Found a large runed translucent door.
  3757 | D:4      | Found a snail-covered altar of Cheibriados.
  3777 | D:4      | Found a broken altar of Ashenzari.
  3824 | D:5      | Entered Level 5 of the Dungeon
  3969 | D:5      | Found a stormy altar of Qazlal.
  4065 | D:5      | Found a hide-covered altar of Uskayaw.
  4167 | D:5      | Killed themself with a badly aimed iceblast

Illustrated notes

Levels and vault maps discovered:
D:1:      dpeg_arrival_short_road, layout_basic, serial_shops, shop
D:2:      layout_basic, hellmonk_ecumenical_altar_zigzags
D:3:      layout_basic, minmay_pentangle
D:4:      corexii_shack_village, layout_basic, zin_purify,
          mainiacjoe_overflow_chevrons, jmf_multi_god_temple2,
          minmay_temple_entry_crystal_x
D:5:      layout_gridville, nicolae_uskayaw_dance_hall,
          nicolae_overflow_crystal_walls, uniq_duvessa, uniq_blork_the_orc

Skill      XL: |  1  2  3  4  5  6 |
---------------+-------------------+-----
Evocations     | 4 5 |  5.0
Spellcasting   | 1 2 3 4 |  4.2
Conjurations   | 1 2 3 |  3.2
Translocations | 1 2 3 |  3.2
Fire Magic     | 1 2 |  2.2
Fighting       | |  0.7
Armour         | |  0.7
Dodging        | |  2.4
Stealth        | |  1.2

Action                     |  1- 3 |  4- 6 || total
---------------------------+-------+-------++-------
  Melee: Club              |    89 |       ||    89
         Spear             |    26 |     7 ||    33
         Short sword       |       |    71 ||    71
  Throw: Dart              |       |     1 ||     1
   Cast: Momentum Strike   |       |    38 ||    38
  Evoke: Wand              |    16 |     3 ||    19
    Use: Scroll            |       |     6 ||     6
   Stab: Distracted        |     1 |       ||     1
         Sleeping          |       |     2 ||     2
 Armour: Leather armour    |    42 |    25 ||    67
  Dodge: Dodged            |    86 |    42 ||   128
